 Dungeon Crawl Stone Soup version 0.17-a0-910-ga669010 (webtiles) character file.

3109 oplop the Jinx (level 9, -7/39 HPs)
             Began as a Spriggan Enchanter on May 2, 2015.
             Was an Initiate of Ashenzari.
             Mangled by an orc warlord (27 damage)
             ... on level 7 of the Dungeon.
             The game lasted 00:22:36 (7610 turns).

oplop the Jinx (Spriggan Enchanter)                 Turns: 7610, Time: 00:22:46

Health: -7/39      AC:  2    Str:  4    XL:     9   Next: 60%
Magic:  2/20       EV: 24    Int: 19    God:    Ashenzari [......]
Gold:   295        SH:  0    Dex: 19    Spells: 5 memorised, 13 levels left

rFire  . . .     SeeInvis +     a - +2 dagger (venom)
rCold  . . .     Clarity  .     b - +1 robe
rNeg   . . .     SustAb   .     (shield restricted)
rPois  .         Gourm    .     (helmet restricted)
rElec  .         Spirit   .     (no cloak)
rCorr  .         Warding  .     (gloves unavailable)
rMut   .         Stasis   .     (boots unavailable)
MR     +....                    (no amulet)
Stlth  +++++.....               (no ring)
                                (no ring)

@: very quick, somewhat resistant to hostile enchantments, quite stealthy
A: unfitting armour, see invisible, agile 1, deformed body, herbivore 3, speed
3, low mp 1, slow metabolism 2
a: Renounce Religion


You were on level 7 of the Dungeon.
You worshipped Ashenzari.
Ashenzari was noncommittal.
You were not hungry.

You visited 1 branch of the dungeon, and saw 7 of its levels.
You also visited: Sewer.

You collected 451 gold pieces.
You spent 156 gold pieces at shops.

Inventory:

Hand weapons
 a - a +2 dagger of venom (weapon)
 w - a +0 blowgun
 F - a +1 dagger
 K - a +0 dagger of electrocution
Missiles
 g - 183 stones (quivered)
 t - 50 poisoned needles
Armour
 b - a +1 robe (worn)
Jewellery
 e - an uncursed ring of ice
 o - an uncursed ring of teleport control
 u - an uncursed ring of ice
 J - an uncursed ring of magical power
Magical devices
 h - a wand of polymorph (6)
 y - a wand of disintegration (3)
 H - a wand of flame (23)
 I - a wand of frost (22)
Scrolls
 f - 3 scrolls of teleportation
 i - a scroll of recharging
 j - 2 scrolls of magic mapping
 m - 2 scrolls of enchant armour {unknown}
 p - 4 scrolls of random uselessness
 r - a scroll of immolation
 s - 4 scrolls of remove curse
 A - a scroll of noise
 M - a scroll of identify
Potions
 k - 2 potions of lignification
 n - 4 potions of curing
 q - 3 potions of might
 v - 3 potions of magic
 x - 5 potions of heal wounds
 z - 3 potions of brilliance
 B - 2 potions of flight
 C - a potion of agility
 D - a potion of haste
 E - 2 potions of ambrosia
 L - a potion of poison {unknown}
Books
 c - a book of Maledictions

   Spells                             Type                      Level
   a - Corona                         Hexes                        1
   b - Ensorcelled Hibernation        Hexes/Ice                    2
   c - Confuse                        Hexes                        3
   d - Tukima's Dance                 Hexes                        3
   e - Dazzling Spray                 Conjuration/Hexes            3
 G - a Young Poisoner's Handbook

   Spells                             Type                      Level
   a - Sting                          Conjuration/Poison           1
   b - Cure Poison                    Poison                       2
   c - Mephitic Cloud                 Conjuration/Poison/Air       3
   d - Olgreb's Toxic Radiance        Poison                       4
   e - Venom Bolt                     Conjuration/Poison           5
Comestibles
 d - 11 bread rations
 l - 21 fruits


   Skills:
 - Level 5.6 Short Blades
 + Level 7.9 Dodging
 + Level 8.9 Stealth
 + Level 8.9 Spellcasting
 + Level 9.5 Hexes


You had 13 spell levels left.
You knew the following spells:

 Your Spells              Type           Power        Failure   Level  Hunger
a - Corona                Hex            #####..      1%          1    None
b - Ensorcelled Hibernat  Hex/Ice        ####..       1%          2    None
c - Confuse               Hex            #####...     1%          3    None
d - Tukima's Dance        Hex            #####...     1%          3    None
e - Dazzling Spray        Conj/Hex       ####....     3%          3    None


Dungeon Overview and Level Annotations

Branches:
Dungeon (7/15)             Temple (0/1) D:4

Altars:
Ashenzari
Elyvilon
Fedhas
Gozag
Kikubaaqudgha
Qazlal
Ru
Sif Muna
Vehumet
Xom
Yredelemnul
Zin

Shops:
D:6 ?


Innate Abilities, Weirdness & Mutations

You are tiny and cannot use many weapons and most armour.
You have supernaturally acute eyesight.
You are a herbivore.
You cover ground extremely quickly.
You need consume almost no food.
You are agile. (Dex +2)
Armour fits poorly on your strangely shaped body.
Your magical capacity is low (-10% MP).


Message History

Your great mace hits the orc warlord but does no damage.
The orc warlord hits you!
You hit the orc warlord but do no damage.
The orc warlord is heavily wounded.
Your great mace barely misses the orc warlord.
The orc warlord closely misses your great mace.
You hit the orc warlord but do no damage.
The orc warlord looks even sicker.
The orc warlord is moderately wounded.
Your great mace hits the orc warlord!!
You barely miss the orc warlord.
The orc warlord is severely wounded.
The orc priest misses your great mace.
You catch the helpless orc warlord completely off-guard!
You impale the orc warlord!!
The orc warlord is almost dead.
Your great mace hits the orc warlord but does no damage.
The orc warlord hits you!!
Ouch! That really hurt!
You die...

............oo............#
≈≈≈≈≈≈≈≈≈≈....≈≈≈≈≈≈≈≈≈≈≈≈##
≈≈≈≈≈≈≈≈≈≈..(.≈≈≈≈≈≈≈≈≈≈≈≈≈≈
≈≈≈≈≈≈≈≈≈≈....≈≈≈≈≈≈≈≈≈≈≈≈≈≈
.................[...........
######.###(..#######.#######
#)# #..## #†# #)#
#.#########.#### #)#
#.)oo(o@.......# #)#
###########.##.# #[# #.##.#
#)# #.##.# #.# #.##.#
######.# #.##.# .......#
#.##.# ######## #.##.# #
#.##.#


You could see an orc warlord (confused), an orc priest (frenzied), an orc
(frenzied) and a friendly great mace.

Vanquished Creatures
  The ghost of oplop the Chiller, an average OpIE (D:3)
  2 hippogriffs (D:7)
  3 wargs (D:7)
  2 orc warriors (D:7)
  3 ogres
  2 phantoms (D:6)
  2 sky beasts
  2 centaurs
  2 big kobolds (Sewer)
  A giant frog (D:7)
  A killer bee (D:7)
  An electric eel (D:6)
  4 wights (D:4)
  2 giant frog zombies
  An orc priest (D:7)
  3 hounds
  3 worker ants
  3 iguanas (D:5)
  Terence (D:3)
  3 orc wizards
  A hound skeleton (D:7)
  A worker ant zombie (D:5)
  Robin (D:3)
  4 gnolls (D:4)
  15 adders
  4 river rats (Sewer)
  4 oozes
  2 adder zombies
  3 worms
  5 giant geckos
  11 orcs
  7 bats
  5 giant cockroaches
  14 goblins
  12 hobgoblins
  3 jackals (D:5)
  18 kobolds
  A quokka (D:4)
  7 ball pythons
  A giant cockroach zombie (D:5)
  5 giant newts
  30 rats
196 creatures vanquished.

Vanquished Creatures (collateral kills)
  A warg (D:7)
  2 orc warriors (D:7)
  An orc priest (D:7)
  3 orc wizards (D:7)
  12 orcs (D:7)
  A goblin (D:7)
  A hobgoblin (D:7)
21 creatures vanquished.

Vanquished Creatures (others)
  A dancing weapon (D:7)
1 creature vanquished.

Grand Total: 218 creatures vanquished

Notes
Turn   | Place    | Note
--------------------------------------------------------------
     0 | D:1      | oplop, the Spriggan Enchanter, began the quest for the Orb.
     0 | D:1      | Reached XP level 1. HP: 9/9 MP: 5/5
   489 | D:1      | Reached XP level 2. HP: 7/13 MP: 7/7
   503 | D:1      | Learned a level 2 spell: Ensorcelled Hibernation
  1266 | D:2      | Reached XP level 3. HP: 16/16 MP: 8/8
  1273 | D:2      | Found a basalt altar of Yredelemnul.
  1600 | D:3      | Found a white marble altar of Elyvilon.
  1784 | D:3      | Noticed Terence
  1857 | D:3      | Killed Terence
  1857 | D:3      | Reached XP level 4. HP: 5/21 MP: 0/10
  1969 | D:3      | Noticed oplop's ghost (average OpIE)
  2193 | D:3      | Noticed Robin
  2292 | D:3      | Found a glowing drain.
  2338 | Sewer    | Entered a sewer
  2519 | Sewer    | Reached XP level 5. HP: 24/24 MP: 12/12
  2543 | Sewer    | Noticed a big kobold
  2567 | Sewer    | Killed a big kobold
  2567 | Sewer    | Reached skill level 5 in Hexes
  2972 | Sewer    | Reached XP level 6. HP: 28/28 MP: 14/14
  2983 | Sewer    | Reached skill level 5 in Spellcasting
  3031 | Sewer    | Noticed a big kobold
  3060 | Sewer    | Killed a big kobold
  3319 | D:3      | Killed Robin
  3563 | D:3      | Learned a level 3 spell: Confuse
  3567 | D:3      | Learned a level 3 spell: Tukima's Dance
  3588 | D:3      | Killed oplop's ghost
  3588 | D:3      | Reached skill level 6 in Hexes
  3643 | D:4      | Found a staircase to the Ecumenical Temple.
  3721 | D:4      | Reached XP level 7. HP: 21/32 MP: 6/16
  3858 | D:4      | Found a radiant altar of Vehumet.
  3950 | D:4      | Reached skill level 5 in Short Blades
  3999 | D:4      | Found a shattered altar of Ashenzari.
  4042 | D:4      | Found a blossoming altar of Fedhas.
  4497 | D:4      | Reached skill level 7 in Hexes
  4560 | D:4      | Found a shimmering altar of Xom.
  4566 | D:4      | Found a stormy altar of Qazlal.
  4572 | D:4      | Found a sacrificial altar of Ru.
  4658 | D:4      | Found a deep blue altar of Sif Muna.
  4729 | D:4      | Found a glowing silver altar of Zin.
  4730 | D:4      | Found an opulent altar of Gozag.
  4777 | D:4      | Became a worshipper of Ashenzari the Shackled
  4805 | D:5      | Entered Level 5 of the Dungeon
  4845 | D:5      | Learned a level 3 spell: Dazzling Spray
  5233 | D:5      | Found an ancient bone altar of Kikubaaqudgha.
  5248 | D:5      | Reached XP level 8. HP: 34/36 MP: 19/19
  5842 | D:6      | Reached skill level 5 in Stealth
  5959 | D:6      | Reached skill level 8 in Hexes
  5985 | D:6      | Found Patiaroh's Magic Scroll Shop.
  5992 | D:6      | Bought a scroll of remove curse for 39 gold pieces
  5992 | D:6      | Bought a scroll of remove curse for 39 gold pieces
  5992 | D:6      | Bought a scroll of identify for 26 gold pieces
  5992 | D:6      | Bought a scroll of identify for 26 gold pieces
  5992 | D:6      | Bought a scroll of identify for 26 gold pieces
  6001 | D:6      | Gained mutation: Armour fits poorly on your strangely shaped body. [potion of mutation]
  6001 | D:6      | Gained mutation: You are agile. (Dex +2) [potion of mutation]
  6001 | D:6      | Gained mutation: Your magical capacity is low (-10% MP). [potion of mutation]
  6059 | D:6      | Reached skill level 5 in Dodging
  6521 | D:7      | Reached XP level 9. HP: 36/39 MP: 4/19
  6747 | D:7      | Reached skill level 9 in Hexes
  7570 | D:7      | Noticed an orc warlord
  7610 | D:7      | Mangled by an orc warlord

Action                   |  1- 3 |  4- 6 |  7- 9 || total
-------------------------+-------+-------+-------++-------
Melee: Dagger            |    89 |   164 |   267 ||   520
 Fire: Blowgun           |       |    66 |    18 ||    84
Throw: Stone             |     1 |       |     5 ||     6
 Cast: Corona            |     5 |     2 |     1 ||     8
       Ensorcelled Hiber |    16 |    15 |    21 ||    52
       Confuse           |       |     3 |    25 ||    28
       Tukima's Dance    |       |       |    16 ||    16
       Dazzling Spray    |       |       |     1 ||     1
  Use: Scroll            |       |       |    18 ||    18
       Potion            |       |       |     1 ||     1
 Stab: Sleeping          |    12 |    20 |    34 ||    66
       Distracted        |     2 |     1 |     2 ||     5
       Confused          |       |     3 |    16 ||    19
  Eat: Fruit             |       |     1 |     3 ||     4
       Royal jelly       |       |     1 |       ||     1
